 Dungeon Crawl Stone Soup version 0.30.1-11-g7821555f0a (webtiles) character file.

Game seed: 9383462309310218899

57 Kagerus the Poker (level 4, -10/33 HPs)
             Began as a Merfolk Gladiator on Nov 5, 2023.
             Was a Priest of Zin.
             Killed by divine providence
             ... invoked by an orc priest
              (16 damage)
             ... on level 3 of the Dungeon.
             The game lasted 00:04:28 (1793 turns).

Kagerus the Poker (Merfolk Gladiator)               Turns: 1793, Time: 00:04:28

Health: -10/33     AC:  4    Str: 14    XL:     4   Next: 0%
Magic:  4/4        EV: 13    Int:  7    God:    Zin [***...]
Gold:   140        SH:  0    Dex: 17    Spells: 3/3 levels left

rFire   . . .        a - +0 trident
rCold   . . .        (no shield)
rNeg    . . .        b - +0 leather armour
rPois   .            c - +0 helmet
rElec   .            (no cloak)
rCorr   .            (no gloves)
SInv    .            (no boots)
Will    .....        (no amulet)
Stlth   +            (no ring)
HPRegen 0.25/turn    (no ring)
MPRegen 0.09/turn

%: no passive effects
@: on recite cooldown
A: (nimble swimmer 2), mertail
a: Renounce Religion, Recite, Vitalisation, Imprison, Donate Gold


You were on level 3 of the Dungeon.
You worshipped Zin.
Zin was most pleased with you.
You visited 1 branch of the dungeon, and saw 3 of its levels.

You collected 194 gold pieces.
You donated 54 gold pieces to Zin.

Inventory:

Hand Weapons
 a - a +0 trident (weapon)
Missiles
 d - 4 throwing nets (quivered)
 e - 6 javelins
 g - 6 poisoned darts
Armour
 b - a +0 leather armour (worn)
 c - a +0 helmet (worn)
Scrolls
 f - 2 scrolls of poison {unknown}
 i - 3 scrolls of teleportation {unknown}
 j - a scroll of enchant weapon {unknown}
 k - 4 scrolls of identify {unknown}
Potions
 h - a potion of heal wounds {unknown}
 l - a potion of resistance {unknown}


   Skills:
 - Level 2.1 Fighting
 + Level 6.3 Polearms
 - Level 2.0 Throwing
 - Level 4.0 Dodging


You had 3 spell levels left.
You didn't know any spells.
Your spell library contained the following spells:

 Spells                   Type           Power      Damage    Failure   Level
 Static Discharge         Conj/Air       0%         2-2/arc   65%         2
 Portal Projectile        Hex/Tloc       0%         N/A       87%         3
 Tukima's Dance           Hex            0%         N/A       87%         3
 Airstrike                Air            0%         2d(0-16)  99%         4
 Summon Lightning Spire   Summ/Air       0%         N/A       99%         4
 Blade Hands              Tmut           0%         N/A       100%        5


Dungeon Overview and Level Annotations

Branches:
Dungeon (3/15)

Altars:
Elyvilon
Zin

Annotations:
D:3 Ijyb


Innate Abilities, Weirdness & Mutations

((You are very nimble when in or above water. (Stealth+, EV+, Speed+++)))
Your lower body shifts to a powerful aquatic tail in water.


Message History

You hear a shout! x2
The giant cockroach closely misses you.
You closely miss the giant cockroach. The giant cockroach barely misses you.
You puncture the giant cockroach!
You kill the giant cockroach!
Activating: Recite (8% risk of failure)
Press: ? - help, Dir - look around, f - activate You clear your throat and prepare to recite. "The law of Zin demands thee..."
An orc comes into view. It is wielding a +0 hand axe.
The orc priest completely misses you. "...be believing, and that the punishment for doubt..."
The orc is confused by your recitation.
You see here a scroll labelled NEMIX NEVAM.
k - 4 scrolls labelled NEMIX NEVAM (gained 1) "...shall be swift and harsh!"
The orc is limned with silver light.
You finish reciting Apostates 17:56.
The orc priest mumbles some strange prayers to Beogh against you.
Pain shoots through your body!
You completely miss the orc priest.
The orc hits something with a +0 dagger.
The orc priest completely misses you.
You hear a shout!
You puncture the orc priest!
The orc priest is heavily wounded.
The orc barely misses the orc.
The orc priest mumbles some strange prayers to Beogh against you.
Pain shoots through your body!
You hit the orc priest.
The orc priest is almost dead.
The orc hits something with a +0 dagger.
You feel a bit more experienced. The orc priest hits you with a +0 mace.
* * * LOW HITPOINT WARNING * * *
You have reached level 4!
You barely miss the orc priest.
The orc priest is almost dead.
The orc priest mumbles some strange prayers to Beogh against you.
Beogh smites you!
You die...

.##############
.........†.<..#
.#...##########)# ##.
...# #.# . ...
.[.##########.# #. #..
..!...........# ##.##
#.##...# #######..#
...!.##.#@# .# #..#
.....oo.o## #.# #..#
......o.## #..#######..#
..(..#...###.#.#........#
.... #..#.#.##.#>#####.##
.. .....##.###.#.# #.#
...##.##...##.#.#####.#
o.# ...#.#............# #
..#..........#######


You could see an orc priest and 3 orcs.

Vanquished Creatures
  A worm (D:2)
  A dart slug (D:2)
  An orc (D:3)
  7 endoplasms
  6 giant cockroaches
  2 goblins (D:1)
  4 hobgoblins
  3 kobolds
  3 quokkas (D:1)
  3 ball pythons
  4 bats
  2 frilled lizards (D:1)
  9 rats
46 creatures vanquished.

Notes
Turn   | Place    | Note
-------+----------+-------------------------------------------
     0 | D:1      | Kagerus the Merfolk Gladiator began the quest for the Orb.
     0 | D:1      | Reached XP level 1. HP: 16/16 MP: 1/1
   131 | D:1      | Reached XP level 2. HP: 22/22 MP: 2/2
   179 | D:1      | Reached skill level 5 in Polearms
   185 | D:1      | Found a faded altar of an unknown god.
   202 | D:1      | Prayed at the altar of an unknown god.
   202 | D:1      | Became a worshipper of Zin the Law-Giver
   202 | D:1      | Reached * piety under Zin
   226 | D:1      | Donated 35 gold pieces to Zin
   259 | D:1      | Reached ** piety under Zin
   405 | D:1      | Reached XP level 3. HP: 24/27 MP: 3/3
   556 | D:1      | Reached *** piety under Zin
  1199 | D:2      | Found a white marble altar of Elyvilon.
  1211 | D:2      | Reached skill level 6 in Polearms
  1636 | D:3      | Noticed Ijyb
  1793 | D:3      | Reached XP level 4. HP: 5/33 MP: 4/4
  1793 | D:3      | Killed from afar by an orc priest

Illustrated notes

Levels and vault maps discovered:
D:1:      dpeg_arrival_snail, layout_loops_ring,
          ebering_ecumenical_altar_petrified, dreamdust_wishing_well,
          minmay_statues_item
D:2:      layout_loops_ring, basic_altar
D:3:      layout_loops_ring, okawaru_metal_pillars_1_2, uniq_ijyb

Skill      XL: |  1  2  3 |
---------------+----------+-----
Polearms       | 5 6 |  6.3
Fighting       | |  2.1
Throwing       | |  2.0
Dodging        | |  4.0

Action                     |  1- 3 |  4- 6 || total
---------------------------+-------+-------++-------
  Melee: Trident           |   127 |     1 ||   128
 Invoke: Donate Gold       |     1 |       ||     1
         Recite            |     1 |       ||     1
   Stab: Sleeping          |     4 |       ||     4
 Armour: Leather armour    |    21 |       ||    21
  Dodge: Dodged            |    59 |       ||    59
